 Dungeon Crawl Stone Soup version 0.20.1-1-g8b1a95d (webtiles) character file.

1291 rrRat the Ducker (level 8, -14/71 HPs)
             Began as a White Draconian Berserker on Nov 7, 2017.
             Was an Elder of Trog.
             Demolished by a wight
             ... wielding a +1 halberd
              (15 damage)
             ... on level 7 of the Dungeon.
             The game lasted 00:25:52 (3863 turns).

rrRat the Ducker (White Draconian Berserker)        Turns: 3863, Time: 00:25:53

Health: -14/71     AC:  7    Str: 24    XL:     8   Next: 30%
Magic:  8/8        EV: 13    Int:  7    God:    Trog [****..]
Gold:   267        SH:  0    Dex: 11    Spells: 7/7 levels left

rFire    . . .     SeeInvis .   s - +5 great sword
rCold    + . .     Gourm    .   (shield currently unavailable)
rNeg     . . .     Faith    .   (armour unavailable)
rPois    .         Spirit   .   (helmet restricted)
rElec    .         Reflect  .   (no cloak)
rCorr    .         Harm     .   y - +0 pair of gloves (curse)
MR       .....                  (no boots)
Stlth    ++........             (no amulet)
Regen    0.3/turn               (no ring)
MPRegen  0.2/turn               (no ring)

@: very slightly contaminated, hasted, heavily drained, very quick
A: breathe frost, unfitting armour, cold resistance 1, strong 1, cold-blooded,
subdued magic 1, AC +6
a: Breathe Frost, Berserk, Trog's Hand, Brothers in Arms, Burn Spellbooks,
Renounce Religion


You were on level 7 of the Dungeon.
You worshipped Trog.
Trog was greatly pleased with you.
You were hungry.

You visited 1 branch of the dungeon, and saw 7 of its levels.

You collected 267 gold pieces.

Inventory:

Hand Weapons
 l - a +2 short sword of venom
 s - a +5 great sword (weapon)
Missiles
 n - 2 tomahawks (quivered)
Armour
 y - a cursed +0 pair of gloves (worn)
Wands
 d - a wand of polymorph (8/24)
 q - a wand of digging (12/24)
 u - a wand of paralysis (18/24)
Scrolls
 c - 2 scrolls of random uselessness {unknown}
 e - a scroll of blinking
 h - 2 scrolls of magic mapping
 i - a scroll of teleportation {unknown}
 j - a scroll of amnesia {unknown}
 o - a scroll of remove curse {unknown}
 p - a scroll of immolation {unknown}
 v - 2 scrolls of recharging {unknown}
Potions
 k - 2 potions of curing
 r - 3 potions of haste
 t - a potion of berserk rage {unknown}
Comestibles
 a - 4 fruits
 b - 4 bread rations
 f - a mutagenic chunk of flesh
 g - 2 royal jellies
 m - 2 meat rations


   Skills:
 * Level 6.4(3.7) Fighting
 - Level 3.1(0.8) Short Blades
 * Level 1.6(0.1) Long Blades
   Level 3.0(0.5) Maces & Flails
 * Level 6.5(3.7) Dodging
 * Level 4.0(1.5) Stealth


You had 7 spell levels left.
You didn't know any spells.

Dungeon Overview and Level Annotations

Branches:
Dungeon (6/15)             Temple (0/1) D:6

Altars:
Okawaru
Trog
Uskayaw
Vehumet


Innate Abilities, Weirdness & Mutations

You can breathe waves of freezing cold.
You can buffet flying creatures when you breathe cold.
Your icy white scales are hard. (AC +6)
You cannot fit into any form of body armour.
Your flesh is cold resistant. (rC+)
You are cold-blooded and may be slowed by cold attacks.
Your muscles are strong. (Str +2)
Your spells are a little easier to cast, but a little less powerful.


Message History

You start resting.
A wight is nearby!
You feel yourself speed up. The wight barely misses you.
You riposte.
You closely miss the wight. You barely miss the wight.
You tail-slap the wight, but do no damage.
The wight hits you from afar with an enchanted halberd!
* * * LOW HITPOINT WARNING * * *
You feel drained.
* * * LOW HITPOINT WARNING * * *
The wight hits you with a scimitar of freezing.
* * * LOW HITPOINT WARNING * * *
You feel drained.
You hit the wight.
The wight is lightly damaged.
The wight closely misses you. The wight hits you but does no damage.
You barely miss the wight.
The wight is lightly damaged.
The wight hits you from afar with an enchanted halberd!
You die...

# ##.# ###.. ##.#####
#... #z.....# ##.#
#.z....# ##..# #......#
###@.## #......#
#.z.#######......#
###.###z###..z..)z.....#
............#####......#
......####### #......#
...##. .... .. . ### ..
##


You could see 2 wights.

Vanquished Creatures
  A sky beast (D:6)
  A necrophage (D:5)
  A centaur (D:6)
  A bullfrog (D:4)
  A scorpion (D:5)
  7 wights
  2 howler monkeys (D:4)
  4 orc wizards (D:3)
  2 orc priests
  2 hounds (D:5)
  6 worker ants
  A hound skeleton (D:4)
  6 adders
  An adder zombie (D:5)
  4 worms
  4 dart slugs
  6 leopard geckos
  19 orcs
  2 ball pythons (D:3)
  5 giant cockroaches
  2 hobgoblins (D:3)
  8 jackals
  A quokka (D:3)
  6 bats
  6 frilled lizards
  7 goblins
  4 kobolds
  A leopard gecko skeleton (D:4)
  8 rats
119 creatures vanquished.

Notes
Turn   | Place    | Note
-------+----------+-------------------------------------------
     0 | D:1      | rrRat the Draconian Berserker began the quest for the Orb.
     0 | D:1      | Reached XP level 1. HP: 19/19 MP: 1/1
   140 | D:1      | Reached XP level 2. HP: 6/26 MP: 2/2
   675 | D:1      | You fall through a shaft!
   694 | D:2      | Found a radiant altar of Vehumet.
   740 | D:2      | Reached XP level 3. HP: 19/33 MP: 3/3
   772 | D:2      | Found a bloodstained altar of Trog.
   812 | D:2      | Reached ** piety under Trog
   884 | D:2      | Reached skill level 1 in Stealth
  1290 | D:3      | Reached XP level 4. HP: 40/40 MP: 4/4
  1320 | D:3      | Reached skill level 1 in Short Blades
  1352 | D:3      | Found a faded altar of an unknown god.
  1455 | D:3      | Reached XP level 5. HP: 44/47 MP: 5/5
  1546 | D:3      | Reached *** piety under Trog
  1872 | D:4      | Reached XP level 6. HP: 55/55 MP: 6/6
  1934 | D:4      | Found an iron altar of Okawaru.
  1957 | D:4      | Reached skill level 5 in Fighting
  2282 | D:4      | Your scales start taking on an icy white colour.
  2282 | D:4      | Reached XP level 7. HP: 43/61 MP: 7/7
  2282 | D:4      | Gained mutation: Your flesh is cold resistant. (rC+) [White Draconian growth]
  2665 | D:5      | Entered Level 5 of the Dungeon
  2674 | D:5      | Reached skill level 5 in Dodging
  2774 | D:5      | Noticed a hand axe
  2775 | D:5      | Noticed a hand axe
  2775 | D:5      | Found a hide-covered altar of Uskayaw.
  3105 | D:5      | Reached **** piety under Trog
  3475 | D:6      | Reached XP level 8. HP: 34/70 MP: 8/8
  3746 | D:6      | Reached skill level 1 in Long Blades
  3750 | D:6      | Gained mutation: Your spells are a little easier to cast, but a little less powerful. [mutagenic meat]
  3753 | D:6      | Gained mutation: You are robust. (+10% HP) [mutagenic meat]
  3754 | D:6      | Lost mutation: You are robust. (+10% HP) [mutagenic meat]
  3755 | D:6      | Gained mutation: Your muscles are strong. (Str +2) [mutagenic meat]
  3764 | D:6      | Found a staircase to the Ecumenical Temple.
  3836 | D:6      | You fall through a shaft!
  3861 | D:7      | HP: 2/71 [wight/enchanted halberd (5)]
  3863 | D:7      | Demolished by a wight

Skill      XL: |  1  2  3  4  5  6  7  8 |
---------------+-------------------------+-----
Dodging        | 3 4 6 |  6.5
Fighting       | 4 5 6 |  6.4
Stealth        | 1 2 3 4 |  4.0
Short Blades   | 1 2 3 |  3.1
Long Blades    | 1 |  1.6
Maces & Flails | |  3.0

Action                   |  1- 3 |  4- 6 |  7- 9 || total
-------------------------+-------+-------+-------++-------
Melee: Mace              |    63 |       |       ||    63
       Short sword       |    54 |   150 |   120 ||   324
       Tailslap          |     7 |    18 |    28 ||    53
       Great sword       |       |       |    25 ||    25
 Abil: Breathe Frost     |       |       |     2 ||     2
  Use: Scroll            |     2 |       |     8 ||    10
       Potion            |       |       |     6 ||     6
 Stab: Sleeping          |       |       |     1 ||     1
  Eat: Chunk             |     1 |     3 |     7 ||    11
       Fruit             |       |       |     3 ||     3
Armor: Skin              |    33 |    27 |    26 ||    86
Dodge: Dodged            |    72 |   104 |    98 ||   274
       Rpst.: Great sword |       |       |     7 ||     7
